 Dungeon Crawl Stone Soup version 0.19-a0-872-g3103843 (webtiles) character file.

144 Laraso the Conjurer (level 5, -6/35 HPs)
             Began as a Demonspawn Venom Mage on July 3, 2016.
             Mangled by a wyvern zombie (12 damage)
             ... on level 3 of the Dungeon.
             The game lasted 00:06:01 (2911 turns).

Laraso the Conjurer (Demonspawn Venom Mage)         Turns: 2911, Time: 00:06:02

Health: -6/35      AC:  2    Str:  9    XL:     5   Next: 5%
Magic:  9/9        EV: 17    Int: 17    God:
Gold:   178        SH:  5    Dex: 18    Spells: 3 memorised, 1 level left

rFire  . . .     SeeInvis .     f - +0 whip
rCold  + . .     Gourm    .     a - +0 robe
rNeg   . . .     Faith    .     (no shield)
rPois  .         Spirit   .     (helmet restricted)
rElec  .         Dismiss  .     (no cloak)
rCorr  .         Reflect  +     (no gloves)
SustAt .         Harm     .     (no boots)
MR     .....                    i - +5 amulet of reflection
Stlth  ++++......               (no ring)
                                k - ring of stealth

@: agile, not resistant to hostile enchantments, stealthy
A: horns 2, cold resistance 1, spiny 1
a: no special abilities


You were on level 3 of the Dungeon.
You were not hungry.

You visited 1 branch of the dungeon, and saw 3 of its levels.

You collected 178 gold pieces.

Inventory:

Hand Weapons
 f - a +0 whip (weapon)
Armour
 a - a +0 robe (worn)
Jewellery
 i - a +5 amulet of reflection (around neck)
 k - a ring of stealth (left hand)
Scrolls
 j - a scroll of remove curse
Potions
 e - a potion of brilliance
 h - a potion of flight
 n - a potion of mutation {unknown}
Books
 b - a Young Poisoner's Handbook

   Spells                             Type                      Level
   a - Sting                          Conjuration/Poison           1
   b - Mephitic Cloud                 Conjuration/Poison/Air       3
   c - Olgreb's Toxic Radiance        Poison                       4
   d - Alistair's Intoxication        Transmutation/Poison         5
   e - Venom Bolt                     Conjuration/Poison           5
Comestibles
 c - 2 bread rations
 d - 4 chunks of flesh
 g - a meat ration
 l - 5 fruits
 m - a slice of pizza


   Skills:
 - Level 1.7 Dodging
 - Level 1.7 Stealth
 * Level 2.7 Spellcasting
 - Level 4.2 Conjurations
 - Level 4.0 Poison Magic


You had one spell level left.
You knew the following spells:

 Your Spells              Type           Power        Failure   Level  Hunger
a - Sting                 Conj/Pois      ###.         3%          1    #......
b - Mephitic Cloud        Conj/Pois/Air  ##......     21%         3    ###....
c - Olgreb's Toxic Radia  Pois           ###.....     38%         4    #####..


Dungeon Overview and Level Annotations

Branches:
Dungeon (3/15)

Altars:


Innate Abilities, Weirdness & Mutations

You have a pair of horns on your head.
Your flesh is cold resistant. (rC+)
You are partially covered in sharp spines.


Message History

MP restored: 9
Okay, then.
This spell is quite dangerous to cast!
Memorise Olgreb's Toxic Radiance, consuming 4 spell levels and leaving 1?
You start memorising the spell.
You continue memorising. x4
You finish memorising.
Spell assigned to 'c'.
There is an open door, spattered with blood here.
Found a spear.
You see here a spear.
Found a stone staircase leading down.
There is a stone staircase leading down here.
Some of the chunks of flesh in your inventory have rotted away.
A rat comes into view.
A rat is nearby!
A rat is nearby!
Aim: a rat (resting)
The sting hits the rat.
The rat is poisoned.
You kill the rat!
You now have 8/9 mp.
Unknown command.
You can't see any susceptible monsters within range! (Use Z to cast anyway.) Unknown command.
Unknown command.
You see here a rat corpse.
You butcher the rat corpse.
d - 8 chunks of flesh (gained 1)
A worm and a zombie come into view.
MP restored: 9
There are monsters nearby!
There are monsters nearby!
You barely miss the wyvern zombie. The wyvern zombie bites you!
* * * LOW HITPOINT WARNING * * *
You take 14 damage, and have 21/35 hp.
MASSIVE DAMAGE!!
The wyvern zombie bites you.
* * * LOW HITPOINT WARNING * * *
You take 6 damage, and have 15/35 hp.
Unknown command.
Okay, then.
Okay, then.
You feel agile all of a sudden. The wyvern zombie barely misses you.
Unknown command.
The wyvern zombie bites you.
* * * LOW HITPOINT WARNING * * *
You take 1 damage, and have 14/35 hp.
The wyvern zombie is struck by your spines.
The wyvern zombie barely misses you.
Wield which item (- for none, * to show all)? (? for menu, Esc to quit)
Okay, then.
Unknown command.
Some of the chunks of flesh in your inventory have rotted away.
The wyvern zombie completely misses you.
The wyvern zombie barely misses you. The wyvern zombie bites you!
* * * LOW HITPOINT WARNING * * *
You take 10 damage, and have 6/35 hp.
MASSIVE DAMAGE!!
The wyvern zombie bites you!
You die...

#.# #.# #.# ### #.# #..
#.# #.# #####.#### ###
#........#
##.####.###...Z##########
#.......# #..#.@.>......#
##.####.###.###########.#
#.# #.# #.....# #.# #..
#.# #####.# #.# ### ###.#
##+# #)# ....# ##...## #.#
###.# ##.....## ###.# ####
..# ##.......## ##.#.#
#... ..#
#..[......####....#####.##


You could see a wyvern zombie.

Vanquished Creatures
  Natasha (twice) (D:2)
  An adder (D:3)
  2 oozes
  4 worms (D:2)
  A dart slug (D:2)
  2 giant geckos (D:2)
  2 orcs (D:3)
  2 ball pythons
  9 bats
  2 giant cockroaches (D:2)
  8 goblins
  4 hobgoblins
  2 jackals (D:2)
  A quokka (D:2)
  5 giant newts (D:2)
  7 kobolds
  11 rats
65 creatures vanquished.

Notes
Turn   | Place    | Note
-------+----------+-------------------------------------------
     0 | D:1      | Laraso the Demonspawn Venom Mage began the quest for the Orb.
     0 | D:1      | Reached XP level 1. HP: 13/13 MP: 3/3
   115 | D:1      | Reached skill level 1 in Conjurations
   449 | D:1      | Gained mutation: You have a pair of small horns on your head. [demonic ancestry]
   449 | D:1      | Reached XP level 2. HP: 19/19 MP: 3/5
   594 | D:1      | Reached skill level 2 in Conjurations
  1200 | D:2      | Gained mutation: You have a pair of horns on your head. [demonic ancestry]
  1200 | D:2      | Reached XP level 3. HP: 24/24 MP: 4/6
  1291 | D:2      | Learned a level 3 spell: Mephitic Cloud
  1399 | D:2      | Reached skill level 3 in Conjurations
  2074 | D:2      | Gained mutation: You are partially covered in sharp spines. [demonic ancestry]
  2074 | D:2      | Reached XP level 4. HP: 30/30 MP: 1/7
  2474 | D:2      | Noticed Natasha
  2480 | D:2      | Killed Natasha
  2480 | D:2      | Reached skill level 4 in Conjurations
  2570 | D:2      | Noticed Natasha
  2586 | D:2      | Killed Natasha
  2762 | D:3      | Gained mutation: Your flesh is cold resistant. (rC+) [demonic ancestry]
  2762 | D:3      | Reached XP level 5. HP: 31/35 MP: 2/9
  2825 | D:3      | Learned a level 4 spell: Olgreb's Toxic Radiance
  2895 | D:3      | HP: 14/35 [wyvern zombie (1)]
  2910 | D:3      | HP: 6/35 [wyvern zombie (10)]
  2911 | D:3      | Mangled by a wyvern zombie

Vault maps used:
D:1:      sevenhm_arrival_forest_fort_small_3
D:2:      minmay_door_path, uniq_natasha
D:3:      kennysheep_generic_room_4

Skill      XL: |  1  2  3  4 |
---------------+-------------+-----
Conjurations   | 1 2 3 4 |  4.2
Dodging        | |  1.7
Stealth        | |  1.7
Spellcasting   | |  2.7
Poison Magic   | |  4.0

Action                   |  1- 3 |  4- 6 || total
-------------------------+-------+-------++-------
Melee: Short sword       |     3 |       ||     3
       Whip              |    34 |    17 ||    51
       Headbutt          |     4 |     3 ||     7
 Cast: Sting             |    92 |    30 ||   122
       Mephitic Cloud    |       |     2 ||     2
  Use: Scroll            |     6 |       ||     6
       Potion            |       |     1 ||     1
 Stab: Confused          |       |     1 ||     1
  Eat: Chunk             |     5 |     3 ||     8
Armor: Robe              |     3 |     2 ||     5
Dodge: Dodged            |    34 |    11 ||    45
Block: Other             |     5 |     4 ||     9

Table legend:
 A = Kills in this place as a percentage of kills in entire the game.
 B = Kills by you in this place as a percentage of kills by you in the entire game.
 C = Kills by friends in this place as a percentage of kills by friends in the entire game.
 D = Other kills in this place as a percentage of other kills in the entire game.
 E = Experience gained in this place as a percentage of experience gained in the entire game.
 F = Experience gained in this place divided by the number of levels of this place that you have seen.
                   A       B       C       D       E      F
               +-------+-------+-------+-------+-------+----------------------
         Total | 100.0 | 100.0 |  -nan |  -nan | 100.0 |  69.0
       Dungeon | 100.0 | 100.0 |  -nan |  -nan | 100.0 |  69.0
               +-------+-------+-------+-------+-------+----------------------

Table legend:
 A = Turns spent in this place as a percentage of turns spent in the entire game.
 B = Non-inter-level travel turns spent in this place as a percentage of non-inter-level travel turns spent in the entire game.
 C = Inter-level travel turns spent in this place as a percentage of turns spent in this place.
 D = Turns resting spent in this place as a percentage of non-inter-level travel turns spent in this place.
 E = Turns spent auto-exploring this place as a percentage of non-inter-level travel turns spent in this place.
 F = Non-inter-level travel turns spent in this place divided by the number of levels of this place that you've seen.
                   A       B       C       D       E      F
               +-------+-------+-------+-------+-------+----------------------
         Total | 100.0 | 100.0 |   0.3 |   9.0 |   7.8 | 357.3
       Dungeon | 100.0 | 100.0 |   0.3 |   9.0 |   7.8 | 357.3
               +-------+-------+-------+-------+-------+----------------------

Vault maps used:
D:1:      sevenhm_arrival_forest_fort_small_3
D:2:      minmay_door_path, uniq_natasha
D:3:      kennysheep_generic_room_4
